 Dungeon Crawl Stone Soup version 0.19.4-9-g45fd643 (console) character file.

26687 Grinner the Grappler (level 13, -3/169 HPs)
             Began as a Troll Monk on Feb 20, 2017.
             Slain by a slime creature (12 damage)
             ... on level 5 of the Pits of Slime.
             The game lasted 00:48:44 (10381 turns).

Grinner the Grappler (Troll Monk)                  Turns: 10381, Time: 00:48:45

Health: -3/169     AC: 11    Str: 27    XL:     13   Next: 0%
Magic:  17/17      EV: 14    Int:  6    God:
Gold:   810        SH:  0    Dex: 12    Spells: 2 memorised, 3 levels left

rFire  x . .     SeeInvis .       - Unarmed
rCold  + + .     Gourm    +     n - +2 robe {Archmagi}
rNeg   . . .     Faith    .     (no shield)
rPois  .         Spirit   .     (helmet restricted)
rElec  +         Reflect  .     I - +4 cloak "Kumn" {+Inv rElec rC+ Slay-6}
rCorr  .         Harm     .     (gloves unavailable)
MR     .....     Rnd*Rage +     (boots unavailable)
Stlth  .......... Rnd*Tele +    x - amulet of rage
                                H - ring of ice
                                v - +1 ring of protection

@: berserking (expiring), corroded, very slightly contaminated, invisible, very
quick
A: unfitting armour, claws 3, rugged brown scales 1, slimy green scales 1,
berserk 1, deformed body, fast metabolism 3, gourmand, low mp 1, regeneration 2,
shaggy fur 1, teleportitis 1, tough skin 2, weak 2, wild magic 1
a: Evoke Berserk Rage, Turn Visible


You were on level 5 of the Pits of Slime.
You were near starving.

You visited 3 branches of the dungeon, and saw 20 of its levels.
You also visited: Bailey and Ice Cave.

You collected 810 gold pieces.

Inventory:

Missiles
 K - 39 tomahawks of returning (quivered)
Armour
 a - a +0 robe
 l - a +0 cloak
 n - a +2 robe of the Archmagi (worn)
 I - the +4 cloak "Kumn" (worn) {+Inv rElec rC+ Slay-6}
   (You found it on level 9 of the Dungeon)

   It affects your accuracy and damage with ranged weapons and melee attacks
   (-6).
   It protects you from cold.
   It insulates you from electricity.
   It lets you turn invisible.
Magical Staves
 u - an uncursed staff of air
Jewellery
 j - an uncursed ring of poison resistance
 v - a +1 ring of protection (left claw)
 x - an amulet of rage (around neck)
 E - an uncursed amulet of magic regeneration
 F - an uncursed ring of stealth
 H - a ring of ice (right claw)
 M - an uncursed ring of flight
 Q - an uncursed amulet of faith
 W - an uncursed ring of see invisible
Wands
 r - a wand of confusion (29/48)
 A - a wand of iceblast (4/15)
 L - a wand of random effects (31/48)
 R - a wand of paralysis (11/24)
Scrolls
 e - 3 scrolls of fog
 g - 8 scrolls of remove curse
 h - 8 scrolls of amnesia
 m - 2 scrolls of fear {unknown}
 s - a scroll of noise {unknown}
 y - a scroll of immolation
 z - 4 scrolls of enchant weapon
 B - a scroll of silence {unknown}
 D - a scroll of enchant armour {unknown}
 G - 2 scrolls of teleportation
Potions
 c - 2 potions of haste
 i - 3 potions of curing
 p - a potion of brilliance
 q - a potion of agility
 J - 4 potions of flight
 T - a potion of cancellation
Books
 N - a book of Necromancy

   Spells                             Type                      Level
   a - Pain                           Necromancy                   1
   b - Animate Skeleton               Necromancy                   1
   c - Vampiric Draining              Necromancy                   3
   d - Regeneration                   Charms/Necromancy            3
   e - Animate Dead                   Necromancy                   4
   f - Control Undead                 Necromancy                   4
 O - a Fen Folio

   Spells                             Type                      Level
   a - Corpse Rot                     Necromancy                   2
   b - Stone Arrow                    Conjuration/Earth            3
   c - Leda's Liquefaction            Hexes/Earth                  4
   d - Summon Forest                  Summoning/Translocation      5
   e - Hydra Form                     Transmutation                6
   f - Summon Hydra                   Summoning                    7
 X - a book of Geomancy

   Spells                             Type                      Level
   a - Sandblast                      Earth                        1
   b - Passwall                       Transmutation/Earth          2
   c - Stone Arrow                    Conjuration/Earth            3
   d - Petrify                        Transmutation/Earth          4
   e - Lee's Rapid Deconstruction     Earth                        5
Miscellaneous
 o - a phial of floods
 U - a lamp of fire
Comestibles
 b - 9 bread rations
 f - 6 meat rations
 k - a slice of pizza
 t - 12 fruits
 w - 2 beef jerkies
 V - a royal jelly


   Skills:
 - Level 2.4 Fighting
 + Level 9.0 Dodging
 - Level 1.0 Stealth
 + Level 13.5 Unarmed Combat
 + Level 4.4 Necromancy
 + Level 4.2 Transmutations
 * Level 9.4 Evocations


You had 3 spell levels left.
You knew the following spells:

 Your Spells              Type           Power        Failure   Level  Hunger
d - Vampiric Draining     Necr           ##........   38%         3    ####...
s - Hydra Form            Tmut           #.........   100%        6    #######


Dungeon Overview and Level Annotations

Branches:
Dungeon (10/15)            Temple (0/1) D:7            Lair (5/6) D:8
 Shoals (0/4) Lair:3        Snake (0/4) Lair:4        Slime (5/5) Lair:5
    Orc (0/2) D:9

Altars:
Elyvilon
Gozag
Ru
Trog
Uskayaw
Xom
Yredelemnul

Annotations:
D:8 Grum; cheese's ghost, novice DsBe
Lair:3 DarkTechnomancer's ghost, journeyman DsAK


Innate Abilities, Weirdness & Mutations

You are too large for most types of armour.
You have claws for hands.
Your metabolism is lightning-fast.
You like to eat raw meat.
You heal very quickly.
You are covered in fur. (AC +1)
You have very tough skin. (AC +2)
You are partially covered in rugged brown scales. (AC +1, +3% HP)
You are partially covered in slimy green scales. (AC +2)
You tend to lose your temper in combat.
Armour fits poorly on your strangely shaped body.
Your magical capacity is low. (-10% MP)
You are occasionally teleported next to monsters.
You are very weak. (Str -4)
Your spells are a little harder to cast, but a little more powerful.


Message History

Your claw misses the azure jelly.
The azure jelly is lightly wounded.
The slime creature quivers. x5
An azure jelly and an acid blob come into view.
You closely miss the azure jelly.
The azure jelly is lightly wounded.
The slime creature quivers. x6
The azure jelly closely misses you. The azure jelly hits you!
* * * LOW HITPOINT WARNING * * *
The azure jelly freezes you! You resist.
* * * LOW HITPOINT WARNING * * *
The azure jelly hits you.
* * * LOW HITPOINT WARNING * * *
The azure jelly hits you but does no damage.
The great orb of eyes bites you.
* * * LOW HITPOINT WARNING * * *
You are too berserk!
The slime creature quivers. x6
The slime creature hits you!
You die...

......... ##........
#......... ###...J.....
# #......J.... #.
##........... ##.
####..............
.##..J#.#...............
....J.G.@JJ.J......J....
.....JJ.J.....J..J......
........................
........................
.J.....................#
................<...##
...................##
...................#
............#


You could see an acid blob, 2 azure jellies, a great orb of eyes and 7 slime
creatures.

Vanquished Creatures
  2 acid blobs
  A great orb of eyes (Slime:5)
  A hill giant (D:10)
  A necromancer (D:9)
  3 orc knights (Bailey)
  2 ugly things (IceCv)
  A black mamba (Lair:5)
  2 sirens (Lair:3)
  2 ice statues (IceCv)
  A spiny frog (Lair:1)
  2 rime drakes (Lair:3)
  2 komodo dragons
  A troll (D:9)
  14 blink frogs
  12 slime creatures
  5 hippogriffs
  A wyvern (D:9)
  18 yaks
  A basilisk (Lair:4)
  2 hungry ghosts
  A warg (D:9)
  A soldier ant (Lair:5)
  5 porcupines
  8 water moccasins
  4 orc warriors
  8 ice beasts
  A sky beast (D:5)
  2 phantoms
  5 wolves (Lair:2)
  2 ogres
  2 centaurs
  7 crocodiles
  9 bullfrogs
  A wyvern zombie (D:6)
  2 scorpions
  9 wights
  4 crimson imps
  A bullfrog zombie (D:5)
  3 howler monkeys (D:9)
  A quasit (D:9)
  2 centaur skeletons (D:9)
  4 hounds
  4 orc priests
  2 jellies
  5 orc wizards
  3 bullfrog skeletons
  Jessica (D:2)
  6 worker ants
  3 polar bear simulacra (D:9)
  A wolf simulacrum (D:9)
  A hound zombie (D:5)
  Robin (D:3)
  A worker ant zombie (D:6)
  6 gnolls
  6 adders
  4 shadow imps
  12 white imps (Lair:5)
  4 oozes
  2 adder zombies
  An adder skeleton (D:9)
  5 worms
  3 dart slugs (D:3)
  3 leopard geckos
  14 orcs
  5 bats
  7 giant cockroaches
  9 hobgoblins
  3 jackals (D:6)
  19 kobolds
  4 quokkas
  5 frilled lizards
  26 goblins
  A leopard gecko skeleton (D:4)
  A leopard gecko zombie (D:5)
  8 rats
  6 river rat simulacra (D:9)
338 creatures vanquished.

Vanquished Creatures (collateral kills)
  A hydra (Lair:3)
  An unseen horror (D:10)
2 creatures vanquished.

Vanquished Creatures (others)
  2 fungi (Lair:3)
  2 plants
4 creatures vanquished.

Grand Total: 344 creatures vanquished

Notes
Turn   | Place    | Note
-------+----------+-------------------------------------------
     0 | D:1      | Grinner the Troll Monk began the quest for the Orb.
     0 | D:1      | Reached XP level 1. HP: 22/22 MP: 0/0
   222 | D:1      | Reached XP level 2. HP: 29/29 MP: 1/1
   519 | D:2      | Reached skill level 4 in Unarmed Combat
   591 | D:2      | Reached XP level 3. HP: 36/36 MP: 2/2
   679 | D:2      | Noticed Jessica
   688 | D:2      | Killed Jessica
   890 | D:2      | Reached skill level 5 in Unarmed Combat
   890 | D:2      | Reached XP level 4. HP: 44/44 MP: 3/3
  1270 | D:3      | Reached XP level 5. HP: 49/50 MP: 4/4
  1272 | D:3      | Reached skill level 6 in Unarmed Combat
  1291 | D:3      | Noticed Robin
  1328 | D:3      | Killed Robin
  1796 | D:3      | Found a sacrificial altar of Ru.
  1858 | D:4      | Found a shimmering altar of Xom.
  1930 | D:4      | Reached XP level 6. HP: 44/59 MP: 5/5
  2048 | D:4      | Reached skill level 7 in Unarmed Combat
  2087 | D:4      | Found a faded altar of an unknown god.
  2087 | D:4      | Found a faded altar of an unknown god.
  2096 | D:4      | Found a bloodstained altar of Trog.
  2098 | D:4      | Found a faded altar of an unknown god.
  2100 | D:4      | Found a faded altar of an unknown god.
  2288 | D:5      | Entered Level 5 of the Dungeon
  2306 | D:5      | Noticed a sky beast
  2363 | D:5      | Found a hide-covered altar of Uskayaw.
  2368 | D:5      | Found an opulent altar of Gozag.
  2449 | D:5      | Reached XP level 7. HP: 33/66 MP: 6/6
  2541 | D:5      | Reached skill level 8 in Unarmed Combat
  2623 | D:5      | Gained mutation: You are occasionally teleported next to monsters. [mutagenic meat]
  2624 | D:5      | Gained mutation: Your spells are a little harder to cast, but a little more powerful. [mutagenic meat]
  2625 | D:5      | Gained mutation: Armour fits poorly on your strangely shaped body. [mutagenic meat]
  2627 | D:5      | Gained mutation: You tend to lose your temper in combat. [mutagenic meat]
  2628 | D:5      | Gained mutation: You heal very quickly. [mutagenic meat]
  3168 | D:6      | Reached XP level 8. HP: 39/74 MP: 7/7
  3305 | D:6      | Reached skill level 9 in Unarmed Combat
  3372 | D:6      | Reached skill level 1 in Evocations
  3852 | D:7      | Found a white marble altar of Elyvilon.
  4136 | D:7      | Found a staircase to the Ecumenical Temple.
  4977 | D:8      | Reached skill level 10 in Unarmed Combat
  4989 | D:8      | Found a basalt altar of Yredelemnul.
  5015 | D:8      | Noticed cheese's ghost (novice DsBe)
  5086 | D:8      | You fall through a shaft for 2 floors!
  5086 | D:10     | Entered Level 10 of the Dungeon
  5095 | D:10     | Reached skill level 5 in Dodging
  5097 | D:10     | Reached XP level 9. HP: 80/80 MP: 9/9
  5162 | D:10     | Noticed a hill giant
  5170 | D:10     | Killed a hill giant
  5196 | D:10     | Killed an unseen horror
  5196 | D:10     | Reached skill level 11 in Unarmed Combat
  5411 | D:9      | Found a staircase to the Orcish Mines.
  5508 | D:9      | Found a flagged portal.
  5562 | D:9      | Got a faintly humming cloak
  5573 | D:9      | Identified the +4 cloak "Kumn" {+Inv rElec rC+ Slay-6} (You found it on level 9 of the Dungeon)
  5623 | D:9      | Noticed a troll
  5639 | D:9      | Killed a troll
  5639 | D:9      | Reached XP level 10. HP: 70/88 MP: 9/12
  5729 | Bailey   | Entered a bailey
  5741 | Bailey   | Noticed an orc knight
  5748 | Bailey   | Noticed an orc knight
  5838 | Bailey   | Killed an orc knight
  5848 | Bailey   | Noticed an orc knight
  5906 | Bailey   | Gained mutation: You are partially covered in slimy green scales. (AC +2) [potion of mutation]
  5906 | Bailey   | Gained mutation: You are weak. (Str -2) [potion of mutation]
  5906 | Bailey   | Gained mutation: You are partially covered in rugged brown scales. (AC +1, +3% HP) [potion of mutation]
  5987 | Bailey   | Killed an orc knight
  6031 | Bailey   | Reached skill level 5 in Evocations
  6129 | Bailey   | Killed an orc knight
  6415 | D:9      | Reached skill level 12 in Unarmed Combat
  6709 | D:9      | Noticed a necromancer
  6736 | D:9      | Killed a necromancer
  6990 | D:8      | Found a staircase to the Lair.
  6998 | D:8      | Noticed Grum
  6999 | Lair:1   | Entered Level 1 of the Lair of Beasts
  7172 | Lair:1   | Noticed a spiny frog
  7179 | Lair:1   | Killed a spiny frog
  7179 | Lair:1   | Reached XP level 11. HP: 96/96 MP: 14/14
  7763 | Lair:2   | Learned a level 3 spell: Vampiric Draining
  7799 | Lair:2   | Learned a level 6 spell: Hydra Form
  8034 | Lair:2   | Reached skill level 1 in Necromancy
  8055 | Lair:2   | Reached skill level 1 in Transmutations
  8665 | Lair:3   | Noticed a four-headed hydra
  8825 | Lair:3   | Killed a four-headed hydra
  8886 | Lair:3   | Noticed DarkTechnomancer's ghost (journeyman DsAK)
  8978 | Lair:3   | Found a staircase to the Shoals.
  9164 | Lair:4   | Reached skill level 13 in Unarmed Combat
  9164 | Lair:4   | Reached XP level 12. HP: 107/107 MP: 17/17
  9212 | Lair:4   | Found a staircase to the Snake Pit.
  9571 | Lair:5   | Found a staircase to the Slime Pits.
  9692 | Lair:5   | Found a frozen archway.
  9734 | IceCv    | Entered an ice cave
  9763 | IceCv    | Gained mutation: You are very weak. (Str -4) [mutagenic meat]
  9935 | IceCv    | Gained mutation: Your magical capacity is low. (-10% MP) [mutagenic meat]
 10085 | Slime:1  | Entered Level 1 of the Pits of Slime
 10286 | Slime:2  | Noticed an acid blob
 10287 | Slime:2  | Noticed an acid blob
 10292 | Slime:3  | Noticed an acid blob
 10295 | Slime:4  | Noticed an acid blob
 10300 | Slime:4  | Killed an acid blob
 10344 | Slime:5  | Entered Level 5 of the Pits of Slime
 10361 | Slime:5  | Noticed an acid blob
 10367 | Slime:5  | Noticed an azure jelly
 10367 | Slime:5  | Noticed a great orb of eyes
 10371 | Slime:5  | Killed an acid blob
 10375 | Slime:5  | Killed a great orb of eyes
 10375 | Slime:5  | Reached XP level 13. HP: 65/113 MP: 17/17
 10380 | Slime:5  | Noticed an azure jelly
 10380 | Slime:5  | Noticed an acid blob
 10380 | Slime:5  | HP: 8/169 [great orb of eyes (1)]
 10381 | Slime:5  | Slain by a slime creature

Skill      XL: |  1  2  3  4  5  6  7  8  9 10 11 12 |
---------------+-------------------------------------+-----
Unarmed Combat | 4 5 6 7 8 10 11 12 13 | 13.5
Dodging        | 3 4 5 6 7 8 9 |  9.0
Evocations     | 2 4 6 8 9 |  9.4
Necromancy     | 2 4 |  4.4
Transmutations | 2 4 |  4.2
Fighting       | |  2.4
Stealth        | |  1.0

Action                   |  1- 3 |  4- 6 |  7- 9 | 10-12 | 13-15 || total
-------------------------+-------+-------+-------+-------+-------++-------
Melee: Unarmed           |    59 |   160 |   240 |   729 |     5 ||  1193
       Punch             |       |     2 |    11 |    39 |     1 ||    53
Throw: Tomahawk          |       |       |       |    37 |       ||    37
 Abil: Evoke Berserk Rag |       |       |     1 |     8 |       ||     9
       Evoke Invisibilit |       |       |     1 |     2 |       ||     3
Evoke: Wand              |       |       |       |     6 |       ||     6
       Phial of floods   |       |       |       |     2 |       ||     2
       Lamp of fire      |       |       |       |     1 |       ||     1
  Use: Scroll            |     5 |     1 |     2 |    16 |       ||    24
       Potion            |       |       |     3 |    11 |       ||    14
 Stab: Sleeping          |     1 |     6 |     4 |     5 |       ||    16
       Invisible         |       |       |     1 |     2 |       ||     3
       Distracted        |       |       |       |     1 |       ||     1
  Eat: Chunk             |    14 |     8 |    35 |    50 |       ||   107
       Meat ration       |       |       |     1 |       |       ||     1
Armor: Robe              |    25 |    58 |    68 |   196 |     4 ||   351
       Skin              |       |       |       |    33 |       ||    33
Dodge: Dodged            |    28 |    73 |   104 |   372 |     5 ||   582
